TOP OF THE 1ST |
Reading Rainbows batting - Pitching for Buffalo LightSabres : RHP Pat Jackson
|
Pitching: RHP Pat Jackson
|
|
Batting: LHB Alfonso Ruíz
|
0-0: Called Strike 0-1: Ball 1-1: Foul Ball, location: 2F 1-2: Ball 2-2: SOLO HOME RUN (Flyball, 9D), Distance : 377 ft
|
Batting: RHB Hubert Brown
|
0-0: Ball 1-0: Fly out, F3 (Line Drive, 3)
|
Batting: RHB Germano Labrego
|
0-0: Foul Ball, location: 2F 0-1: Ball 1-1: SINGLE (Line Drive, 7S)
|
Batting: RHB Albert Lutz
|
0-0: Ball 1-0: Ball 2-0: Swinging Strike 2-1: Ball 3-1: Foul Ball, location: 2F 3-2: Base on Balls Germano Labrego to second
|
Batting: RHB Joe Land
|
0-0: Ball 1-0: Ball 2-0: Swinging Strike 2-1: Called Strike 2-2: Foul Ball, location: 2F 2-2: Ball 3-2: Fielders Choice at 2nd, 4-6 (Groundball, 4) Germano Labrego to third
|
Batting: LHB John Hudson
|
0-0: Ball 1-0: Foul Ball, location: 2F 1-1: Fly out, F8 (Flyball, 8LXD)
|
Top of the 1st over - 1 run(s), 2 hit(s), 0 error(s), 2 left on base; Reading 1 - Buffalo 0 |
BOTTOM OF THE 1ST |
Buffalo LightSabres batting - Pitching for Reading Rainbows : LHP Tomás López
|
Pitching: LHP Tomás López
|
|
Batting: RHB José Pérez
|
0-0: Ball 1-0: Ball 2-0: Foul Ball, location: 2F 2-1: Ball 3-1: Foul Ball, location: 2F 3-2: SINGLE (Line Drive, 6)
|
Batting: LHB Chris Loudermilk
|
0-0: Swinging Strike 0-1: Ball 1-1: Swinging Strike 1-2: Fly out, F7 (Flyball, 7M)
|
Batting: SHB Barrett Bowden
|
0-0: Ball 1-0: Called Strike 1-1: Ball 2-1: Swinging Strike 2-2: Strikes out swinging
|
Batting: LHB Paul Alston
|
0-0: Called Strike 0-1: Foul Ball, location: 2F 0-2: Ball 1-2: Strikes out looking
|
Bottom of the 1st over - 0 run(s), 1 hit(s), 0 error(s), 1 left on base; Reading 1 - Buffalo 0 |
TOP OF THE 2ND |
Reading Rainbows batting - Pitching for Buffalo LightSabres : RHP Pat Jackson
|
Batting: RHB Richard Case
|
0-0: Ball 1-0: Called Strike 1-1: SINGLE (Groundball, 56D)
|
Batting: RHB Donald Sanford
|
0-0: Ball 1-0: Foul Ball, location: 2F 1-1: Ball 2-1: Ball 3-1: Swinging Strike 3-2: SINGLE (Line Drive, 6MD) Richard Case to second
|
Batting: LHB Wally Coker
|
0-0: Foul Ball, location: 2F 0-1: Ball 1-1: Ball 2-1: Foul Ball, location: 2F 2-2: Foul Ball, location: 2F 2-2: Fly out, F5 (Popup, 5SF)
|
Batting: LHB Alfonso Ruíz
|
0-0: Fielders Choice at 2nd, 5-4 (Groundball, 5D) Richard Case to third
|
Batting: RHB Hubert Brown
|
0-0: Called Strike 0-1: Swinging Strike 0-2: Ground out 1-3 (Groundball, 13S)
|
Top of the 2nd over - 0 run(s), 2 hit(s), 0 error(s), 2 left on base; Reading 1 - Buffalo 0 |
BOTTOM OF THE 2ND |
Buffalo LightSabres batting - Pitching for Reading Rainbows : LHP Tomás López
|
Batting: SHB Brian Price
|
0-0: Ball 1-0: Ball 2-0: Ball 3-0: Base on Balls
|
Batting: LHB Sixto Cortés
|
0-0: Ball 1-0: Ball 2-0: Called Strike 2-1: Foul Ball, location: 2F 2-2: Strikes out looking
|
Batting: SHB Jason Mason
|
0-0: Called Strike 0-1: Foul Ball, location: 2F 0-2: Ball 1-2: Fielders Choice at 2nd, 1-6 (Groundball, 15S)
|
Batting: LHB Sergio Luna
|
0-0: Called Strike 0-1: Ball 1-1: Fly out, F9 (Flyball, 89M)
|
Bottom of the 2nd over - 0 run(s), 0 hit(s), 0 error(s), 1 left on base; Reading 1 - Buffalo 0 |
TOP OF THE 3RD |
Reading Rainbows batting - Pitching for Buffalo LightSabres : RHP Pat Jackson
|
Batting: RHB Germano Labrego
|
0-0: SINGLE (Line Drive, 9S)
|
Batting: RHB Albert Lutz
|
0-0: SINGLE (Line Drive, 4M) Germano Labrego to second
|
Batting: RHB Joe Land
|
0-0: Foul Ball, location: 2F 0-1: Called Strike 0-2: Strikes out swinging
|
Batting: LHB John Hudson
|
0-0: Called Strike 0-1: SINGLE (Flyball, 89S) Germano Labrego to third Albert Lutz to second
|
Batting: RHB Richard Case
|
0-0: Ball 1-0: Fly out, F8 (Flyball, 8LM) Runner from 3rd tags up, SCORES, throw made
|
Batting: RHB Donald Sanford
|
0-0: Swinging Strike 0-1: SINGLE (Groundball, 6) (infield hit) Albert Lutz to third John Hudson to second
|
Batting: LHB Wally Coker
|
0-0: Called Strike 0-1: Fly out, F9 (Flyball, 9LD)
|
Top of the 3rd over - 1 run(s), 4 hit(s), 0 error(s), 3 left on base; Reading 2 - Buffalo 0 |
BOTTOM OF THE 3RD |
Buffalo LightSabres batting - Pitching for Reading Rainbows : LHP Tomás López
|
Batting: RHB Merlin Morris
|
0-0: Called Strike 0-1: Foul Ball, location: 2F 0-2: Ball 1-2: Ball 2-2: Foul Ball, location: 2F 2-2: Strikes out swinging
|
Batting: RHB José Pérez
|
0-0: Ball 1-0: Foul Ball, location: 2F 1-1: Foul Ball, location: 2F 1-2: Ball 2-2: SINGLE (Groundball, 6D) (infield hit)
|
Batting: LHB Chris Loudermilk
|
0-0: Ball 1-0: Swinging Strike 1-1: Ball José Pérez steals 2nd base 2-1: Foul Ball, location: 2F 2-2: Strikes out swinging
|
Batting: SHB Barrett Bowden
|
0-0: Ball 1-0: Ball 2-0: Called Strike 2-1: Fly out, F8 (Line Drive, 8RXD)
|
Bottom of the 3rd over - 0 run(s), 1 hit(s), 0 error(s), 1 left on base; Reading 2 - Buffalo 0 |
TOP OF THE 4TH |
Reading Rainbows batting - Pitching for Buffalo LightSabres : RHP Pat Jackson
|
Batting: LHB Alfonso Ruíz
|
0-0: Ball 1-0: Ball 2-0: Foul Ball, location: 2F 2-1: SINGLE (Line Drive, 9LS)
|
Batting: RHB Hubert Brown
|
0-0: Fly out, F7 (Flyball, 8LS)
|
Batting: RHB Germano Labrego
|
0-0: Fly out, F2 (Popup, 25F)
|
Batting: RHB Albert Lutz
|
0-0: Ball 1-0: Ground out 6-3 (Groundball, 6)
|
Top of the 4th over - 0 run(s), 1 hit(s), 0 error(s), 1 left on base; Reading 2 - Buffalo 0 |
BOTTOM OF THE 4TH |
Buffalo LightSabres batting - Pitching for Reading Rainbows : LHP Tomás López
|
Batting: LHB Paul Alston
|
0-0: Ball 1-0: Foul Ball, location: 2F 1-1: Ground out U3 (Groundball, 3)
|
Batting: SHB Brian Price
|
0-0: Ball 1-0: Ball 2-0: Foul Ball, location: 2F 2-1: SINGLE (Line Drive, 34)
|
Batting: LHB Sixto Cortés
|
0-0: Foul Ball, location: 2F 0-1: Ball 1-1: Ball 2-1: SINGLE (Groundball, 34D) Brian Price to second Runner from 2nd tries for 3rd, SAFE, throw made to third
|
Batting: SHB Jason Mason
|
0-0: Called Strike 0-1: Foul Ball, location: 2F 0-2: Fly out, F8 (Flyball, 8LXD) Runner from 3rd tags up, SCORES, no throw
|
Batting: LHB Sergio Luna
|
0-0: Ball 1-0: Called Strike 1-1: Ball 2-1: Foul Ball, location: 2F 2-2: Ball 3-2: Base on Balls Sixto Cortés to second
|
Batting: RHB Merlin Morris
|
0-0: Called Strike 0-1: Ball 1-1: Foul Ball, location: 2F 1-2: Foul Ball, location: 2F 1-2: Ball 2-2: TRIPLE (Line Drive, 8LM) Sixto Cortés scores Sergio Luna scores
|
Batting: RHB José Pérez
|
0-0: Ball 1-0: Fly out, F8 (Flyball, 8LM)
|
Bottom of the 4th over - 3 run(s), 3 hit(s), 0 error(s), 1 left on base; Reading 2 - Buffalo 3 |
TOP OF THE 5TH |
Reading Rainbows batting - Pitching for Buffalo LightSabres : RHP Pat Jackson
|
Batting: RHB Joe Land
|
0-0: Ball 1-0: Ball 2-0: SINGLE (Groundball, 56D)
|
Batting: LHB John Hudson
|
0-0: Called Strike 0-1: Called Strike Joe Land steals 2nd base 0-2: Foul Ball, location: 2F 0-2: Ball 1-2: Fly out, F9 (Flyball, 89D) Runner from 2nd tags up, SAFE at 3rd, no throw
|
Batting: RHB Richard Case
|
0-0: Fly out, F9 (Flyball, 89S)
|
Batting: RHB Donald Sanford
|
0-0: Foul Ball, location: 2F 0-1: Ball 1-1: Foul Ball, location: 2F 1-2: Foul Ball, location: 2F 1-2: SINGLE (Line Drive, 34) Joe Land scores
|
Batting: LHB Wally Coker
|
0-0: Foul Ball, location: 2F 0-1: Foul Ball, location: 2F 0-2: Ball 1-2: Foul Ball, location: 2F 1-2: Fly out, F6 (Popup, 6D)
|
Top of the 5th over - 1 run(s), 2 hit(s), 0 error(s), 1 left on base; Reading 3 - Buffalo 3 |
BOTTOM OF THE 5TH |
Buffalo LightSabres batting - Pitching for Reading Rainbows : LHP Tomás López
|
Batting: LHB Chris Loudermilk
|
0-0: Called Strike 0-1: Ground out 4-3 (Groundball, 34)
|
Batting: SHB Barrett Bowden
|
0-0: Ball 1-0: Foul Ball, location: 2F 1-1: Called Strike 1-2: Ball 2-2: Strikes out swinging
|
Batting: LHB Paul Alston
|
0-0: Called Strike 0-1: Ball 1-1: Swinging Strike 1-2: Ball 2-2: Foul Ball, location: 2F 2-2: Ground out 4-3 (Groundball, 4)
|
Bottom of the 5th over - 0 run(s), 0 hit(s), 0 error(s), 0 left on base; Reading 3 - Buffalo 3 |
TOP OF THE 6TH |
Reading Rainbows batting - Pitching for Buffalo LightSabres : RHP Pat Jackson
|
Batting: LHB Alfonso Ruíz
|
0-0: Ball 1-0: Foul Ball, location: 2F 1-1: Ball 2-1: SOLO HOME RUN (Line Drive, 9LD), Distance : 363 ft
|
Batting: RHB Hubert Brown
|
0-0: Ball 1-0: Ball 2-0: Ball 3-0: Called Strike 3-1: Ground out 1-3 (Groundball, 15)
|
Batting: RHB Germano Labrego
|
0-0: Called Strike 0-1: Fly out, F6 (Popup, 6)
|
Batting: RHB Albert Lutz
|
0-0: Swinging Strike 0-1: Swinging Strike 0-2: Ball 1-2: Foul Ball, location: 2F 1-2: SINGLE (Groundball, 56)
|
Pitching: RHP Pat Monroe
|
|
Batting: RHB Joe Land
|
0-0: Ball 1-0: Foul Ball, location: 2F 1-1: Ball 2-1: Fielders Choice at 2nd, U6 (Groundball, 6M)
|
Top of the 6th over - 1 run(s), 2 hit(s), 0 error(s), 1 left on base; Reading 4 - Buffalo 3 |
BOTTOM OF THE 6TH |
Buffalo LightSabres batting - Pitching for Reading Rainbows : LHP Tomás López
|
Pitching: LHP Beau Montgomery
|
|
Batting: SHB Brian Price
|
0-0: Ball 1-0: Ball 2-0: Called Strike 2-1: Swinging Strike 2-2: Fly out, F9 (Flyball, 89S)
|
Batting: LHB Sixto Cortés
|
0-0: Ground out U3 (Groundball, 3L)
|
Batting: SHB Jason Mason
|
0-0: Foul Ball, location: 2F 0-1: Ball 1-1: Fly out, F7 (Flyball, 8LS)
|
Bottom of the 6th over - 0 run(s), 0 hit(s), 0 error(s), 0 left on base; Reading 4 - Buffalo 3 |
TOP OF THE 7TH |
Reading Rainbows batting - Pitching for Buffalo LightSabres : RHP Pat Monroe
|
Batting: LHB John Hudson
|
0-0: Called Strike 0-1: Ball 1-1: Ball 2-1: Ball 3-1: Base on Balls
|
Pinch Runner at 1st Carlos Huerta:
|
|
Batting: RHB Richard Case
|
0-0: Sac Bunt - play at first, batter OUT! 5-4 Carlos Huerta to second
|
Pinch Hitting: RHB Dan Banks
|
0-0: Intentional Walk
|
Batting: LHB Wally Coker
|
0-0: Ball 1-0: Ball 2-0: Called Strike 2-1: Swinging Strike Passed Ball! Carlos Huerta to third Dan Banks to second 2-2: 3-RUN HOME RUN (Flyball, 7D), Distance : 394 ft
|
Pitching: RHP Travis Whitney
|
|
Batting: LHB Alfonso Ruíz
|
0-0: Called Strike 0-1: Called Strike 0-2: Ball 1-2: Ball 2-2: Ball 3-2: Base on Balls
|
Batting: RHB Hubert Brown
|
0-0: Called Strike 0-1: Fly out, F4 (Popup, 4MD)
|
Batting: RHB Germano Labrego
|
0-0: Ball 1-0: Foul Ball, location: 2F 1-1: Foul Ball, location: 2F 1-2: Fielders Choice at 2nd, 6-4 (Groundball, 6)
|
Top of the 7th over - 3 run(s), 1 hit(s), 0 error(s), 0 left on base; Reading 7 - Buffalo 3 |
BOTTOM OF THE 7TH |
Buffalo LightSabres batting - Pitching for Reading Rainbows : LHP Beau Montgomery
|
Now at SS: Kyle Hollingsworth
|
|
Now in RF: Dan Banks
|
|
Batting: LHB Sergio Luna
|
0-0: SINGLE (Groundball, 4MD)
|
Batting: RHB Merlin Morris
|
0-0: Called Strike 0-1: Grounds into double play, 6-4-3 (Groundball, 6M)
|
Batting: RHB José Pérez
|
0-0: Swinging Strike 0-1: Called Strike 0-2: Strikes out swinging
|
Bottom of the 7th over - 0 run(s), 1 hit(s), 0 error(s), 0 left on base; Reading 7 - Buffalo 3 |
TOP OF THE 8TH |
Reading Rainbows batting - Pitching for Buffalo LightSabres : RHP Travis Whitney
|
Batting: RHB Albert Lutz
|
0-0: Ball 1-0: Called Strike 1-1: SOLO HOME RUN (Flyball, 8RXD), Distance : 423 ft
|
Batting: RHB Joe Land
|
0-0: Foul Ball, location: 2F 0-1: Ball 1-1: Called Strike 1-2: Fly out, F2 (Popup, 2LF)
|
Batting: RHB Kyle Hollingsworth
|
0-0: Called Strike 0-1: Ball 1-1: Reached on error, E6 (Groundball, 6M)
|
Batting: RHB Richard Case
|
0-0: Ball 1-0: Ball 2-0: Ball 3-0: Base on Balls Kyle Hollingsworth to second
|
Batting: RHB Dan Banks
|
0-0: Called Strike 0-1: Foul Ball, location: 2F 0-2: Foul Ball, location: 2F 0-2: Ball 1-2: Strikes out swinging
|
Batting: LHB Wally Coker
|
0-0: Ball 1-0: Foul Ball, location: 2F 1-1: Ball 2-1: Swinging Strike 2-2: Ball 3-2: Strikes out swinging
|
Top of the 8th over - 1 run(s), 1 hit(s), 1 error(s), 2 left on base; Reading 8 - Buffalo 3 |
BOTTOM OF THE 8TH |
Buffalo LightSabres batting - Pitching for Reading Rainbows : LHP Beau Montgomery
|
Now at C: Louis Smith
|
|
Batting: LHB Chris Loudermilk
|
0-0: Called Strike 0-1: SINGLE (Groundball, 34D)
|
Pitching: LHP Robby Hall
|
|
Batting: SHB Barrett Bowden
|
0-0: DOUBLE (Line Drive, 5) Chris Loudermilk to third
|
Batting: LHB Paul Alston
|
0-0: Ball 1-0: Ball 2-0: Ball 3-0: Foul Ball, location: 2F 3-1: Foul Ball, location: 2F 3-2: TRIPLE (Line Drive, 8RXD) Chris Loudermilk scores Barrett Bowden scores
|
Batting: SHB Brian Price
|
0-0: Called Strike 0-1: Ball 1-1: Ball 2-1: SINGLE (Line Drive, 78S) Paul Alston scores
|
Pitching: RHP Chris Lee
|
|
Batting: LHB Sixto Cortés
|
0-0: Ball 1-0: Foul Ball, location: 2F 1-1: Ball 2-1: Swinging Strike 2-2: Hit by Pitch Brian Price to second
|
Pinch Hitting: RHB Steve Brown
|
0-0: Grounds into double play, 5-4-3 (Groundball, 56) Brian Price to third
|
Batting: LHB Sergio Luna
|
0-0: Ground out 1-3 (Groundball, 34S)
|
Bottom of the 8th over - 3 run(s), 4 hit(s), 0 error(s), 1 left on base; Reading 8 - Buffalo 6 |
TOP OF THE 9TH |
Reading Rainbows batting - Pitching for Buffalo LightSabres : RHP Travis Whitney
|
Now at SS: Naomi Kitamura
|
|
Batting: LHB Alfonso Ruíz
|
0-0: Ball 1-0: Ball 2-0: Called Strike 2-1: SINGLE (Groundball, 3D)
|
Batting: RHB Hubert Brown
|
0-0: Ball 1-0: Called Strike 1-1: Ball 2-1: Ball 3-1: Called Strike 3-2: Base on Balls Alfonso Ruíz to second
|
Batting: RHB Germano Labrego
|
0-0: Ball 1-0: Ball 2-0: 3-RUN HOME RUN (Line Drive, 7LD), Distance : 351 ft
|
Pitching: RHP Ángel Uribe
|
|
Batting: RHB Albert Lutz
|
0-0: Ball 1-0: Fly out, F9 (Flyball, 9D)
|
Batting: RHB Joe Land
|
0-0: Foul Ball, location: 2F 0-1: Ball 1-1: SINGLE (Line Drive, 4MD)
|
Batting: RHB Kyle Hollingsworth
|
0-0: Ball 1-0: DOUBLE (Line Drive, 9LM) Joe Land to third Runner from 3rd tries for Home, SAFE, no throw or cutoff
|
Batting: RHB Richard Case
|
0-0: Ball 1-0: Ball 2-0: Called Strike 2-1: Fly out, F4 (Popup, 4MS)
|
Batting: RHB Dan Banks
|
0-0: Foul Ball, location: 2F 0-1: Swinging Strike 0-2: Ball 1-2: SINGLE (Line Drive, 7S) Kyle Hollingsworth to third Runner from 3rd tries for Home, SAFE, no throw or cutoff
|
Batting: RHB Louis Smith
|
0-0: Ball 1-0: Called Strike 1-1: SINGLE (Groundball, 6MD) Dan Banks to second Throwing error, E8 Dan Banks scores Louis Smith to second
|
Pitching: RHP Brian Smith
|
|
Batting: LHB Alfonso Ruíz
|
0-0: Ball 1-0: Ball 2-0: Ball 3-0: Base on Balls
|
Batting: RHB Hubert Brown
|
0-0: Ball 1-0: Called Strike 1-1: Ball 2-1: Foul Ball, location: 2F 2-2: Ball 3-2: Strikes out swinging
|
Top of the 9th over - 6 run(s), 6 hit(s), 1 error(s), 2 left on base; Reading 14 - Buffalo 6 |
BOTTOM OF THE 9TH |
Buffalo LightSabres batting - Pitching for Reading Rainbows : RHP Chris Lee
|
Batting: RHB Merlin Morris
|
0-0: Ball 1-0: Foul Ball, location: 2F 1-1: Called Strike 1-2: Strikes out swinging
|
Batting: RHB José Pérez
|
0-0: Called Strike 0-1: Called Strike 0-2: Ball 1-2: Ball 2-2: Foul Ball, location: 2F 2-2: Ball 3-2: Foul Ball, location: 2F 3-2: Foul Ball, location: 2F 3-2: Base on Balls
|
Batting: LHB Chris Loudermilk
|
0-0: Ball 1-0: SINGLE (Groundball, 4M) José Pérez to second
|
Batting: SHB Barrett Bowden
|
0-0: Swinging Strike 0-1: Ball 1-1: Called Strike 1-2: Strikes out swinging
|
Batting: LHB Paul Alston
|
0-0: Fly out, F3 (Line Drive, 3)
|
Bottom of the 9th over - 0 run(s), 1 hit(s), 0 error(s), 2 left on base; Reading 14 - Buffalo 6 |
|